 Dungeon Crawl Stone Soup version 0.29.0-4-gdea44cf6ec (webtiles) character file.

Game seed: 9638929587298750148

568 qw the Chopper (level 7, -3/43 HPs)
             Began as a Tengu Warper on Aug 28, 2022.
             Slain by a gnoll sergeant
             ... wielding a +0 trident
              (12 damage)
             ... on level 4 of the Dungeon.
             The game lasted 00:00:27 (5558 turns).

qw the Chopper (Tengu Warper)                       Turns: 5558, Time: 00:00:28

Health: -3/43      AC:  7    Str: 12 (13) XL:     7   Next: 33%
Magic:  12/12      EV: 14    Int: 13      God:
Gold:   326        SH:  0    Dex: 14      Spells: 10/10 levels left

rFire   . . .      SeeInvis .   Y - +0 war axe
rCold   . . .      Faith    .   (no shield)
rNeg    . . .      Spirit   .   b - +0 leather armour
rPois   .          Reflect  .   (helmet restricted)
rElec   .          Harm     .   (no cloak)
rCorr   .          Rampage  .   (no gloves)
Will    .....                   (boots unavailable)
Stlth   +.........              (no amulet)
HPRegen 0.14/turn               (no ring)
MPRegen 0.13/turn               (no ring)

@: about to teleport, flying quickly and evasively, unable to drink, quick
A: beak, talons 3, nimble flight, iridescent scales 2, deterioration 1, high MP
1, screaming 1, inability to drink after injury 1
a: no special abilities


You were on level 4 of the Dungeon.
You visited 1 branch of the dungeon, and saw 4 of its levels.
You also visited: Sewer.

You collected 326 gold pieces.


Innate Abilities, Weirdness & Mutations

You have a beak for a mouth.
You have claws for feet.
Your magical nature lets you fly swiftly and evasively.
You are mostly covered in iridescent scales. (AC +4)
Your body sometimes deteriorates upon taking damage.
You have an increased reservoir of magic. (+10% MP)
You occasionally shout uncontrollably at your foes.
You occasionally lose the ability to drink potions when taking damage.


   Skills:
 - Level 4.2 Fighting
 + Level 7.1 Axes
 - Level 1.0 Throwing
 - Level 1.1 Armour
 - Level 3.0 Dodging
 - Level 2.0 Spellcasting
 - Level 2.4 Translocations


You had 10 spell levels left.
You didn't know any spells.
Your spell library contained the following spells:

 Spells                   Type           Power      Damage    Failure   Level
 Blink                    Tloc           14%        N/A       19%         2
 Gell's Gravitas          Tloc           7%         N/A       36%         3
 Lesser Beckoning         Tloc           7%         N/A       36%         3
 Teleport Other           Tloc           7%         N/A       36%         3
 Manifold Assault         Tloc           7%         N/A       98%         5

Inventory:

Hand Weapons
 n - a +0 flail
 Y - a +0 war axe (weapon)
Armour
 b - a +0 leather armour (worn)
Scrolls
 a - a scroll of identify
 c - a scroll of teleportation
 g - a scroll of fear {unknown}
Potions
 d - a potion of resistance
 e - a potion of curing
 f - a potion of invisibility {unknown}
 h - 6 potions of heal wounds
 i - a potion of haste {unknown}
 k - a potion of attraction {unknown}

Dungeon Overview and Level Annotations

Branches:
Dungeon (4/15)              Sewer (visited)
 Temple: D:4-7

Altars:
Qazlal


Message History

The gnoll sergeant is lightly wounded.
You hear a shout!
The gnoll sergeant hits you with a +0 trident.
The gnoll sergeant barely misses you.
You hit the gnoll sergeant.
You claw the gnoll sergeant, but do no damage.
You peck the gnoll sergeant, but do no damage.
The gnoll sergeant is lightly wounded.
The gnoll sergeant closely misses you.
You hit the gnoll sergeant but do no damage.
You claw the gnoll sergeant.
You peck the gnoll sergeant, but do no damage.
The gnoll sergeant is moderately wounded.
The gnoll sergeant hits you with a +0 trident.
You hit the gnoll sergeant but do no damage.
You peck the gnoll sergeant. Your punch misses the gnoll sergeant.
The gnoll sergeant is moderately wounded.
The gnoll sergeant hits you with a +0 trident.
You hit the gnoll sergeant but do no damage.
The gnoll sergeant is moderately wounded.
The gnoll sergeant hits you but does no damage.
You hit the gnoll sergeant.
You claw the gnoll sergeant, but do no damage.
You peck the gnoll sergeant, but do no damage.
The gnoll sergeant is moderately wounded.
The gnoll sergeant hits you with a +0 trident!
You hit the gnoll sergeant but do no damage.
You claw the gnoll sergeant, but do no damage.
You peck the gnoll sergeant, but do no damage.
The gnoll sergeant is moderately wounded.
An orc comes into view. It is wielding a +0 club.
The gnoll sergeant barely misses you.
The gnoll sergeant hits you with a +0 trident!
You feel threatened and lose the ability to drink potions!
Your body deteriorates!
You feel weakened.
5558 ||| READING 2 scrolls of teleportation.
As you read the scroll of teleportation, it crumbles to dust.
You feel strangely unstable.
The gnoll sergeant hits you with a +0 trident!
You die...

# #..<.# #.....#..
#....# ........
#.%).#######.....#
#................
#.....###.#....#
#.........#....#
7...........)....#
...#..........).#....#
#+###.........#@# ...#
###.........gh...o.
#.####........... #.
....#.#...... #.
#....#.#......
#....#.#.#'#.#
#....#.# #.# # #...
#.# #


You could see a gnoll sergeant, a hound and an orc.

Vanquished Creatures
  Eustachio (D:4)
  A kobold brigand (Sewer)
  2 scorpions (D:4)
  7 gnolls
  9 adders
  A river rat (Sewer)
  2 worms (D:3)
  An orc (D:3)
  10 ball pythons
  5 endoplasms
  7 goblins
  6 hobgoblins (D:1)
  11 jackals
  A quokka (D:2)
  2 bats
  4 frilled lizards
  9 kobolds
  12 rats
91 creatures vanquished.

Vanquished Creatures (others)
  8 plants (Sewer)
8 creatures vanquished.

Grand Total: 99 creatures vanquished

Notes
Turn   | Place    | Note
-------+----------+-------------------------------------------
     0 | D:1      | qw the Tengu Warper began the quest for the Orb.
     0 | D:1      | Reached XP level 1. HP: 12/12 MP: 4/4
     0 | D:1      | 0 ||| qw: Version: 0.1-a-89-g26bdef1
     0 | D:1      | 0 ||| qw: Game counter: 1868
     0 | D:1      | 0 ||| qw: Always use a shield: true
     0 | D:1      | 0 ||| qw: God list: Okawaru
     0 | D:1      | 0 ||| qw: Allow faded altars: false
     0 | D:1      | 0 ||| qw: Do Orc after D:15 true
     0 | D:1      | 0 ||| qw: Do second Lair branch before Depths: true
     0 | D:1      | 0 ||| qw: Lair rune preference: random
     0 | D:1      | 0 ||| qw: Plans: Normal
     0 | D:1      | 0 ||| PLANNING D:1-11
    77 | D:1      | Reached skill level 3 in Axes
    77 | D:1      | Reached XP level 2. HP: 11/17 MP: 6/6
    81 | D:1      | HP: 3/17 [hobgoblin (3)]
   587 | D:1      | 587 ||| Stepping ~*~*~tactically~*~*~ (stealth).
   598 | D:1      | Reached XP level 3. HP: 7/21 MP: 7/7
   600 | D:1      | HP: 5/21 [jackal (1)]
   824 | D:1      | 824 ||| DROPPING +0 club.
   989 | D:1      | Reached skill level 4 in Axes
  1096 | D:1      | 1096 ||| READING 2 scrolls labelled OBLIGE OKHLITI.
  1097 | D:1      | 1097 ||| DRINKING 2 yellow potions.
  1098 | D:1      | 1098 ||| DRINKING 2 fizzy yellow potions.
  1099 | D:1      | 1099 ||| DROPPING scroll of blinking.
  1100 | D:1      | 1100 ||| DROPPING potion of degeneration.
  1101 | D:1      | 1101 ||| DROPPING potion of brilliance.
  1597 | D:2      | 1597 ||| Stepping ~*~*~tactically~*~*~ (stealth).
  1698 | D:2      | 1698 ||| Stepping ~*~*~tactically~*~*~ (stealth).
  1745 | D:2      | Reached XP level 4. HP: 26/26 MP: 8/8
  1769 | D:2      | Found a faded altar of an unknown god.
  2134 | D:2      | 2134 ||| READING scroll labelled WIG JYGUVOATH.
  2137 | D:2      | 2137 ||| READING scroll labelled EWUTEH LENUBOTS.
  2138 | D:2      | 2138 ||| DRINKING 3 sapphire potions.
  2149 | D:3      | 2149 ||| PLANNING SEWER
  2294 | D:3      | 2294 ||| Stepping ~*~*~tactically~*~*~ (stealth).
  2509 | D:3      | Found a glowing drain.
  2525 | Sewer    | Entered a sewer
  2554 | Sewer    | Reached skill level 5 in Axes
  2711 | Sewer    | 2711 ||| Stepping ~*~*~tactically~*~*~ (stealth).
  2766 | Sewer    | 2766 ||| Stepping ~*~*~tactically~*~*~ (water).
  3048 | Sewer    | Gained mutation: Your magical nature lets you fly swiftly
                  | and evasively. [Tengu growth]
  3048 | Sewer    | Reached XP level 5. HP: 24/30 MP: 9/9
  3601 | Sewer    | Noticed a kobold brigand
  3619 | Sewer    | Killed a kobold brigand
  3620 | Sewer    | Reached skill level 6 in Axes
  4037 | Sewer    | 4037 ||| READING scroll labelled FAIDARCH LOXKIR.
  4038 | Sewer    | 4038 ||| DRINKING 2 puce potions.
  4038 | Sewer    | Gained mutation: You are partially covered in iridescent
                  | scales. (AC +2) [potion of mutation]
  4038 | Sewer    | Gained mutation: You occasionally lose the ability to drink
                  | potions when taking damage. [potion of mutation]
  4038 | Sewer    | Gained mutation: Your body sometimes deteriorates upon
                  | taking damage. [potion of mutation]
  4038 | Sewer    | Gained mutation: Your muscles are strong. (Str +4, Int/Dex
                  | -1) [potion of mutation]
  4039 | Sewer    | 4039 ||| DRINKING potion of mutation.
  4039 | Sewer    | Lost mutation: Your muscles are strong. (Str +4, Int/Dex
                  | -1) [potion of mutation]
  4039 | Sewer    | Lost mutation: Your body sometimes deteriorates upon taking
                  | damage. [potion of mutation]
  4039 | Sewer    | Gained mutation: You occasionally shout uncontrollably at
                  | your foes. [potion of mutation]
  4039 | Sewer    | Gained mutation: Your body sometimes deteriorates upon
                  | taking damage. [potion of mutation]
  4039 | Sewer    | Gained mutation: You have an increased reservoir of magic.
                  | (+10% MP) [potion of mutation]
  4039 | Sewer    | Gained mutation: You are mostly covered in iridescent
                  | scales. (AC +4) [potion of mutation]
  4045 | D:3      | 4045 ||| PLANNING D:1-11
  4109 | D:3      | Found a stormy altar of Qazlal.
  4111 | D:3      | 4111 ||| Stepping ~*~*~tactically~*~*~ (stealth).
  4292 | D:3      | Reached XP level 6. HP: 35/35 MP: 10/10
  4587 | D:3      | 4587 ||| SWAPPING to +0 war axe.
  4588 | D:3      | 4588 ||| DROPPING +1 hand axe.
  4603 | D:3      | 4603 ||| Stepping ~*~*~tactically~*~*~ (stealth).
  4633 | D:3      | Reached skill level 7 in Axes
  4819 | D:3      | 4819 ||| DROPPING +0 whip.
  4995 | D:3      | 4995 ||| READING scroll labelled XEACSU MAOC.
  4996 | D:3      | 4996 ||| DRINKING 2 brown potions.
  4997 | D:3      | 4997 ||| DRINKING 2 murky golden potions.
  5102 | D:3      | 5102 ||| READING 2 scrolls of identify.
  5102 | D:3      | 5102 ||| IDENTIFYING black potion
  5103 | D:3      | 5103 ||| DROPPING potion of berserk rage.
  5117 | D:4      | 5117 ||| STAIRDANCE
  5190 | D:4      | Noticed Eustachio
  5206 | D:4      | Killed Eustachio
  5207 | D:4      | Reached XP level 7. HP: 27/43 MP: 12/12
  5340 | D:4      | Reached skill level 3 in Dodging
  5545 | D:4      | 5545 ||| Stepping ~*~*~tactically~*~*~ (hiding).
  5548 | D:4      | 5548 ||| Stepping ~*~*~tactically~*~*~ (hiding).
  5557 | D:4      | HP: 9/43 [gnoll sergeant/+0 trident (10)]
  5558 | D:4      | 5558 ||| READING 2 scrolls of teleportation.
  5558 | D:4      | Slain by a gnoll sergeant

Levels and vault maps discovered:
D:1:      amcnicky_arrival_underground_garden, layout_rooms
D:2:      layout_loops_corners, hellmonk_ecumenical_altar_blasted
D:3:      layout_loops_ring, amcnicky_altar_gilded,
          cheibrodos_sewer_entry_drain, chequers_serial_rivers_micro_c,
          chequers_serial_rivers_large_b, minmay_misc_feat_nine_boxes,
          minivault_24
D:4:      minmay_octagon_keep, layout_basic, grunt_ministairs_5,
          corexii_corridor_pit, minmay_cupped, uniq_eustachio

Skill      XL: |  1  2  3  4  5  6  7 |
---------------+----------------------+-----
Axes           | 3 4 5 6 7 |  7.1
Fighting       | 4 |  4.2
Dodging        | 3 |  3.0
Throwing       | |  1.0
Armour         | |  1.1
Spellcasting   | |  2.0
Translocations | |  2.4

Action                   |  1- 3 |  4- 6 |  7- 9 || total
-------------------------+-------+-------+-------++-------
Melee: Hand axe          |    84 |   127 |       ||   211
       Kick              |    21 |    35 |    10 ||    66
       Peck              |     9 |    22 |     9 ||    40
       Punch             |     1 |     3 |     2 ||     6
       War axe           |       |    36 |    22 ||    58
Throw: Boomerang         |     7 |       |       ||     7
  Use: Potion            |     2 |     5 |       ||     7
       Scroll            |     1 |     5 |     1 ||     7
Armor: Leather armour    |    24 |    36 |     1 ||    61
Dodge: Dodged            |    54 |   103 |     9 ||   166

Table legend:
 A = Non-vault XP
 B = Vault XP
 C = Vault XP percentage of total XP
 D = Non-vault monster count
 E = Vault monster count
 F = Vault count percentage of total count
                 A         B        C        D         E       F
            +---------+---------+-------+---------+---------+-------
      Total |     309 |     503 |  61.9 |      59 |      32 |  35.2
            +---------+---------+-------+---------+---------+-------
        D:1 |      45 |       0 |   0.0 |      27 |       0 |   0.0
        D:2 |      39 |       0 |   0.0 |      11 |       0 |   0.0
        D:3 |      93 |       9 |   8.8 |      15 |       4 |  21.1
        D:4 |     132 |     280 |  68.0 |       6 |       3 |  33.3
      Sewer |       0 |     214 | 100.0 |       0 |      25 | 100.0
            +---------+---------+-------+---------+---------+-------
